 Dungeon Crawl Stone Soup version 0.30.0-18-gc0e69614cb (webtiles) character file.

Game seed: 2978825237314069630

102 monsoonserge the Grasshopper (level 4, -6/38 HPs)
             Began as an Armataur Warper on May 24, 2023.
             Mangled by Dowan
             ... wielding a +2 dagger of electrocution
              (19 damage)
             ... on level 4 of the Dungeon.
             The game lasted 00:06:25 (2039 turns).

monsoonserge the Grasshopper (Armataur Warper)      Turns: 2039, Time: 00:06:27

Health: -6/38      AC: 16    Str: 21    XL:     4   Next: 49%
Magic:  6/6        EV: 10    Int: 19    God:
Gold:   164        SH:  0    Dex: 13    Spells: 1/6 levels left

rFire   . . .        k - +0 war axe (heavy)
rCold   . . .        (no shield)
rNeg    . . .        n - +4 robe of Augmentation {Str+4 Int+4 Dex+4}
rPois   .            w - +0 helmet
rElec   .            h - +1 cloak
rCorr   .            m - +0 pair of gloves
SInv    .            (no barding)
Will    +....        (no amulet)
Stlth   ++           o - +4 ring of protection
HPRegen 0.26/turn    p - ring of willpower
MPRegen 0.10/turn

%: roll
@: no status effects
A: large, rugged brown scales 3, deformed body, armoured tail, roll, long
tongue, awkward tongue
a: no special abilities


You were on level 4 of the Dungeon.
You visited 1 branch of the dungeon, and saw 4 of its levels.

You collected 164 gold pieces.

Inventory:

Hand Weapons
 a - a +0 mace
 k - a +0 heavy war axe (weapon)
 l - a +0 dagger of venom
Missiles
 d - 7 boomerangs of dispersal
 t - 6 silver javelins
 v - 5 poisoned darts (quivered)
Armour
 h - a +1 cloak (worn)
 m - a +0 pair of gloves (worn)
 n - the +4 robe of Augmentation (worn) {Str+4 Int+4 Dex+4}
   (You found it on level 2 of the Dungeon)

   Str:       It affects your strength (+4).
   Int:       It affects your intelligence (+4).
   Dex:       It affects your dexterity (+4).
 w - a +0 helmet (worn)
Jewellery
 o - a +4 ring of protection (left hand)
 p - a ring of willpower (right hand)
Scrolls
 b - 2 scrolls of amnesia {unknown}
 c - 2 scrolls of blinking
 e - 3 scrolls of identify {unknown}
 f - 2 scrolls of teleportation {unknown}
 g - a scroll of torment {unknown}
 i - a scroll of fog {unknown}
 q - a scroll of silence {unknown}
 s - a scroll of magic mapping {unknown}
 u - a scroll of noise {unknown}
 x - a scroll of enchant weapon {unknown}
Potions
 r - a potion of cancellation {unknown}


   Skills:
 + Level 2.1 Fighting
 + Level 1.6(2.1) Axes
 + Level 2.1(2.5) Maces & Flails
 + Level 0.8 Throwing
 - Level 2.1 Armour
 + Level 1.7 Dodging
 + Level 0.8 Stealth
 + Level 1.8 Spellcasting
 * Level 3.5 Translocations


You had one spell level left.
You knew the following spells:

 Your Spells              Type           Power      Damage    Failure   Level
a - Blink                 Tloc           30%        N/A       6%          2
b - Teleport Other        Tloc           15%        N/A       12%         3

Your spell library contained the following spells:

 Spells                   Type           Power      Damage    Failure   Level
 Lesser Beckoning         Tloc           30%        N/A       6%          2
 Vhi's Electric Charge    Tloc/Air       16%        N/A       26%         3
 Manifold Assault         Tloc           15%        N/A       36%         4


Dungeon Overview and Level Annotations

Branches:
Dungeon (4/15)
 Temple: D:4-7

Altars:
Vehumet
Yredelemnul

Annotations:
D:4 Dowan, Duvessa


Innate Abilities, Weirdness & Mutations

You are completely covered in rugged brown scales. (AC +3, +7% HP)
Armour fits poorly on your strangely shaped body.
You have a long armoured tail.
You roll when moving toward enemies. (Rampage)
Your long tongue fully drains potion bottles. (2x potion effects)
Your tongue gives you trouble enunciating. (1.5x scroll delay)


Message History

Duvessa says, "My weaknesses are his strengths!"
Duvessa hits you but does no damage.
Dowan points at you and mumbles some strange words.
The puff of frost hits you but does no damage.
Duvessa hits you but does no damage.
Dowan smirks and points a slender finger.
Dowan casts a spell.
Dowan blinks!
Casting: Blink (safe; 6% risk of failure)
Confirm with . or Enter, or press ? or * to list all spells.
Aiming: Teleport Other (dangerous; 12% risk of failure)
Press: ? - help, Shift-Dir - straight line, f - Duvessa
Aim: Duvessa, wielding a +0 short sword and wearing a +2 leather armour of fire resistance (moderately wounded, fast, chance to affect: 37%)
Okay, then.
Unknown command.
It was a potion of curing.
You feel better.
You slurp down every last drop of the potion of curing!
Duvessa barely misses you. x2
You hit Duvessa. You tail-slap Duvessa.
Duvessa is moderately wounded.
Duvessa hits you with a +0 short sword. Duvessa closely misses you.
You slash Duvessa! You tail-slap Duvessa.
Duvessa is severely wounded.
Duvessa hits you with a +0 short sword. Duvessa closely misses you.
Dowan casts a spell at you.
The puff of frost hits you but does no damage.
Duvessa misses you.
Unknown command.
You slash Duvessa!
Duvessa is almost dead.
Duvessa hits you but does no damage. Duvessa barely misses you.
Duvessa hits you with a +0 short sword. Dowan barely misses you.
You completely miss Dowan.
Your tail-slap misses Dowan.
Dowan is heavily wounded.
You barely miss Duvessa. Duvessa barely misses you.
Duvessa hits you but does no damage. Dowan barely misses you.
Duvessa hits you with a +0 short sword. Dowan hits you but does no damage.
You are electrocuted!!
Ouch! That really hurt!
You die...

...........
..........
..........
#......... ##
#.........
...####.........
#....#.e.......
##..e@)....#
#)...#######
#.##......# ..
#......# .
#......#
#......#
######.#########
#..........
#..........


You could see Duvessa (fast) and Dowan.

Vanquished Creatures
  An orc wizard (D:4)
  4 worms
  A dart slug (D:3)
  3 orcs
  2 endoplasms
  2 giant cockroaches
  11 goblins
  3 hobgoblins
  3 jackals (D:3)
  4 quokkas
  7 ball pythons
  5 bats
  4 frilled lizards
  6 kobolds
  A rat (D:1)
57 creatures vanquished.

Notes
Turn   | Place    | Note
-------+----------+-------------------------------------------
     0 | D:1      | monsoonserge the Armataur Warper began the quest for the
                  | Orb.
     0 | D:1      | Reached XP level 1. HP: 18/18 MP: 3/3
   164 | D:1      | Reached XP level 2. HP: 25/25 MP: 4/4
   207 | D:1      | Learned a level 2 spell: Blink
  1023 | D:2      | Found the +4 robe of Augmentation {Str+4 Int+4 Dex+4}
  1172 | D:2      | Reached XP level 3. HP: 31/31 MP: 5/5
  1601 | D:3      | Found a radiant altar of Vehumet.
  1645 | D:3      | Found a basalt altar of Yredelemnul.
  1725 | D:3      | Reached skill level 1 in Axes
  1810 | D:3      | Found a faded altar of an unknown god.
  1929 | D:3      | Reached XP level 4. HP: 38/38 MP: 6/6
  1933 | D:3      | Learned a level 3 spell: Teleport Other
  2027 | D:4      | Noticed Duvessa
  2028 | D:4      | Noticed Dowan
  2039 | D:4      | Mangled by Dowan

Illustrated notes

Levels and vault maps discovered:
D:1:      ldierk_walled_garden_2, layout_basic, grunt_decor_cap,
          minmay_misc_feat_four_crosses, minmay_crystal_water,
          nicolae_figureground_pulse
D:2:      layout_loops_ring
D:3:      layout_basic, mainiacjoe_overflow_six_doors_small, vehumet_crystals,
          shapermc_ecumenical_altar_venn, columned_hall_lemuel
D:4:      layout_basic, mainiacjoe_overflow_paths, minmay_temple_entry_arrows,
          ebering_ghost_gozag, uniq_duvessa

Skill      XL: |  1  2  3 |
---------------+----------+-----
Armour         | 2 |  2.1
Maces & Flails | 2 |  2.1
Fighting       | 2 |  2.1
Axes           | 1 |  1.6
Throwing       | |  0.8
Dodging        | |  1.7
Stealth        | |  0.8
Spellcasting   | |  1.8
Translocations | |  3.5

Action                     |  1- 3 |  4- 6 || total
---------------------------+-------+-------++-------
  Melee: Mace              |    41 |       ||    41
         Tailslap          |     9 |     6 ||    15
         War axe           |    72 |    16 ||    88
         Punch             |     1 |       ||     1
    Use: Potion            |       |     1 ||     1
   Stab: Sleeping          |     2 |       ||     2
 Armour: Leather armour    |    31 |       ||    31
         Robe              |    41 |    21 ||    62
  Dodge: Dodged            |    57 |    17 ||    74
